 Dungeon Crawl Stone Soup version 0.21-a0-203-gb066a6e (webtiles) character file.

476 Noname the Slasher (level 7, -1/54 HPs)
             Began as a Human Wanderer on Aug 19, 2017.
             Was a Believer of Wu Jian.
             Slain by an ogre
             ... wielding a +0 giant spiked club
              (22 damage)
             ... on level 4 of the Dungeon.
             The game lasted 00:10:53 (5740 turns).

Noname the Slasher (Human Wanderer)                 Turns: 5740, Time: 00:10:54

Health: -1/54      AC:  8    Str: 10    XL:     7   Next: 33%
Magic:  8/8        EV:  9    Int: 15    God:    Wu Jian [**....]
Gold:   103        SH:  0    Dex: 14    Spells: 8/8 levels left

rFire    . . .     SeeInvis .   c - +0 falchion
rCold    . . .     Gourm    .   (no shield)
rNeg     . . .     Faith    .   t - +0 scale mail
rPois    .         Spirit   .   A - +0 helmet
rElec    .         Reflect  .   D - +0 cloak
rCorr    .         Harm     .   l - -2 pair of gloves (curse)
MR       .....                  r - +0 pair of boots
Stlth    ..........             (no amulet)
HPRegen  0.18/turn              y - ring of flight
MPRegen  0.11/turn              (no ring)

@: no status effects
A: no striking features
a: Renounce Religion, Evoke Flight


You were on level 4 of the Dungeon.
You worshipped Wu Jian.
Wu Jian was pleased with you.
You were not hungry.

You visited 1 branch of the dungeon, and saw 4 of its levels.

You collected 103 gold pieces.

Inventory:

Hand Weapons
 c - a +0 falchion (weapon)
 u - a +0 hunting sling
 v - a +2 quarterstaff of chaos
Missiles
 b - 3 throwing nets {!f}
 i - 154 stones (quivered)
 B - 2 tomahawks
 C - 4 javelins
 F - 14 poisoned needles
Armour
 l - a cursed -2 pair of gloves (worn)
 r - a +0 pair of boots (worn)
 t - a +0 scale mail (worn)
 A - a +0 helmet (worn)
 D - a +0 cloak (worn)
Jewellery
 y - a ring of flight (left hand)
Scrolls
 a - a scroll of enchant weapon {unknown}
 d - a scroll of teleportation
 g - 4 scrolls of identify {unknown}
 m - a scroll of fear {unknown}
 p - a scroll of blinking {unknown}
 q - a scroll of enchant armour {unknown}
 w - a scroll of random uselessness {unknown}
 E - a scroll of recharging {unknown}
Potions
 e - 2 potions of agility {unknown}
 h - a potion of curing
 j - 3 potions of heal wounds {unknown}
 k - a potion of haste {unknown}
 n - a potion of mutation {unknown}
 z - a potion of lignification {unknown}
Books
 o - a book of Minor Magic

   Spells                             Type                      Level
   a - Magic Dart                     Conjuration                  1
   b - Blink                          Translocation                2
   c - Call Imp                       Summoning                    2
   d - Slow                           Hexes                        2
   e - Conjure Flame                  Conjuration/Fire             3
   f - Mephitic Cloud                 Conjuration/Poison/Air       3
Comestibles
 f - 4 bread rations
 s - 4 fruits
 x - 3 meat rations


   Skills:
 + Level 4.1 Fighting
 * Level 4.7 Long Blades
   Level 2.0 Polearms
 + Level 3.6 Dodging
 - Level 1.0 Stealth
   Level 1.0 Shields
 - Level 1.0 Spellcasting
   Level 2.0 Translocations


You had 8 spell levels left.
You didn't know any spells.

Dungeon Overview and Level Annotations

Branches:
Dungeon (4/15)
 Temple: D:4-7

Altars:
Wu Jian


Message History

The ogre hits you but does no damage.
You hit the ogre.
The ogre is severely wounded.
The ogre hits you with a giant spiked club!
You take 8 damage, and have 40/54 hp.
You barely miss the ogre.
The ogre is severely wounded.
The ogre hits you with a giant spiked club!!
You take 19 damage, and have 21/54 hp.
MASSIVE DAMAGE!!
You are too injured to fight recklessly!
You hit the ogre.
The ogre is almost dead.
The ogre closely misses you.
You hit the ogre.
The ogre is almost dead.
You hit the ogre.
The ogre is almost dead.
The ogre hits you with a giant spiked club!!
You die...

#..............# #.#.......#.
#..............# #.........#.
#..............####.#####.##.
#....................# #.##.
..............##.# #.##.
.......#......# ..# #.##.
.......#......##..# #.##.
(......#......##..###.###
..(((..#@.....##.........
.....(.O......###.###.###
.......##.....# #.# # #######
#.....# # #.# # #.....# #.
#.# # #.....# #.)#.# #
#.....# #.#.# # .....#
#...### ####.....


You could see an ogre.

Vanquished Creatures
  Crazy Yiuf (D:3)
  3 orc priests
  2 orc wizards (D:3)
  An iguana (D:4)
  Terence (D:3)
  2 worker ants (D:4)
  Robin (D:3)
  5 gnolls
  6 adders
  A shadow imp (D:3)
  A worm (D:2)
  3 dart slugs
  2 leopard geckos
  4 orcs
  2 ball pythons
  2 giant cockroaches
  6 hobgoblins
  2 jackals (D:2)
  A quokka (D:3)
  4 bats
  9 frilled lizards
  14 goblins
  10 kobolds
  A quokka skeleton (D:4)
  5 rats
89 creatures vanquished.

Notes
Turn   | Place    | Note
-------+----------+-------------------------------------------
     0 | D:1      | Noname the Human Wanderer began the quest for the Orb.
     0 | D:1      | Noname set off with: a +0 leather armour, 4 throwing nets {!f}, a +0 falchion, a scroll of teleportation, a bread ration
     0 | D:1      | Reached XP level 1. HP: 16/16 MP: 2/2
   228 | D:1      | Reached XP level 2. HP: 22/22 MP: 3/3
   519 | D:1      | Reached skill level 1 in Long Blades
   576 | D:1      | Reached XP level 3. HP: 26/28 MP: 4/4
  1132 | D:2      | Found an ornate altar of the Wu Jian Council.
  1141 | D:2      | Became a worshipper of the Wu Jian Council
  1319 | D:2      | Reached XP level 4. HP: 31/34 MP: 5/5
  1760 | D:1      | HP: 1/35 [poisoned by an adder]
  2271 | D:3      | HP: 1/35 [poisoned by an adder]
  2591 | D:3      | Noticed Terence
  2641 | D:3      | Killed Terence
  2641 | D:3      | Reached XP level 5. HP: 18/41 MP: 6/6
  3418 | D:3      | Noticed Robin
  3419 | D:3      | Reached * piety under Wu Jian
  3448 | D:3      | Killed Robin
  3910 | D:3      | Reached XP level 6. HP: 42/47 MP: 7/7
  4281 | D:3      | Found a runed door.
  4285 | D:3      | Noticed Crazy Yiuf
  4303 | D:3      | Killed Crazy Yiuf
  4605 | D:4      | Noticed an ogre
  4741 | D:4      | HP: 2/48 [orc wizard/magic dart (7)]
  4961 | D:3      | Reached XP level 7. HP: 52/53 MP: 8/8
  4988 | D:4      | Reached ** piety under Wu Jian
  5740 | D:4      | Slain by an ogre

Vault maps used:
D:1:      evilmike_arrival_plus, minivault_23
D:2:      marbit_many_paths
D:3:      first_bread, uniq_crazy_yiuf_cottage, uniq_robin, uniq_terence
D:4:      serial_bayou_pond_e

Skill      XL: |  1  2  3  4  5  6  7 |
---------------+----------------------+-----
Long Blades    | 1 2 3 4 |  4.7
Dodging        | 2 3 |  3.6
Fighting       | 3 4 |  4.1
Polearms       | |  2.0
Stealth        | |  1.0
Shields        | |  1.0
Spellcasting   | |  1.0
Translocations | |  2.0

Action                   |  1- 3 |  4- 6 |  7- 9 || total
-------------------------+-------+-------+-------++-------
Melee: Falchion          |    79 |   299 |    68 ||   446
Throw: Stone             |     6 |    29 |     5 ||    40
       Javelin           |       |     1 |       ||     1
       Throwing net      |       |     1 |       ||     1
  Use: Potion            |       |     4 |       ||     4
 Stab: Sleeping          |     4 |     1 |       ||     5
  Eat: Chunk             |     1 |    12 |     3 ||    16
Armor: Leather armour    |    22 |    17 |       ||    39
       Scale mail        |       |   109 |    25 ||   134
Dodge: Dodged            |    42 |   150 |    22 ||   214
       Rpst.: Falchion   |    10 |    50 |     8 ||    68
